 Dungeon Crawl Stone Soup version 0.17.0-27-g4a3f43e (webtiles) character file.

15389 mwv the Warrior (level 12, -3/124 HPs)
             Began as a Minotaur Berserker on Nov 21, 2015.
             Was a High Priest of Trog.
             Slain by an orc warlord
             ... wielding a +0 war axe
              (19 damage)
             ... on level 3 of the Orcish Mines.
             The game lasted 01:37:24 (11803 turns).

mwv the Warrior (Minotaur Berserker)               Turns: 11803, Time: 01:37:24

Health: -3/124     AC: 20    Str: 27    XL:     12   Next: 0%
Magic:  0/11       EV:  5    Int:  7    God:    Trog [*****.]
Gold:   1204       SH:  0    Dex: 10    Spells: 0 memorised, 11 levels left

rFire  . . .     SeeInvis .     N - +4 war axe of Valour {freeze, +Fly rPois}
rCold  . . .     Clarity  .     U - +2 plate armour
rNeg   + . .     SustAt   .     e - +3 large shield
rPois  +         Gourm    .     (helmet restricted)
rElec  .         Spirit   +     w - +2 cloak {rPois}
rCorr  +         Warding  .     (no gloves)
rMut   .         Stasis   .     y - +0 pair of boots of Card Tricks {*Drain rCorr Int+3}
MR     .....                    J - amulet of guardian spirit
Stlth  ..........               X - ring of flight
                                d - ring of positive energy

@: confused, slowed, very slow, not resistant to hostile enchantments, extremely
unstealthy
A: retaliatory headbutt, horns 2
a: Berserk, Trog's Hand, Brothers in Arms, Burn Spellbooks, Renounce Religion,
Evoke Flight


You were on level 3 of the Orcish Mines.
You worshipped Trog.
Trog was extremely pleased with you.
You were not hungry.

You visited 3 branches of the dungeon, and saw 15 of its levels.

You collected 1536 gold pieces.
You spent 332 gold pieces at shops.

Inventory:

Hand Weapons
 g - a +1 battleaxe
 n - a +1 dire flail of freezing
 z - a +0 hand axe of electrocution
 N - the +4 war axe of Valour (weapon) {freeze, +Fly rPois}
   (You found it on level 4 of the Dungeon)

   It has been specially enchanted to freeze those struck by it, causing extra
   injury to most foes and up to half again as much damage against particularly
   susceptible opponents.
   It can also slow down cold-blooded creatures.
   It protects you from poison.
   It lets you fly.
Missiles
 k - 299 stones
 I - 20 poisoned needles (quivered)
 L - 56 bolts
Armour
 e - a +3 large shield (worn)
 w - a +2 cloak of poison resistance (worn)
 x - a +3 scale mail
 y - the +0 pair of boots of Card Tricks (worn) {*Drain rCorr Int+3}
   (You bought it in a shop on level 8 of the Dungeon)

   It affects your intelligence (+3).
   It protects you from acid and corrosion.
   It causes draining when unequipped.
 U - a +2 plate armour (worn)
Jewellery
 d - a ring of positive energy (left hand)
 t - an uncursed ring of poison resistance {unknown}
 v - an uncursed ring of fire
 C - an uncursed ring of ice
 J - an amulet of guardian spirit (around neck)
 X - a ring of flight (right hand)
Wands
 c - a wand of polymorph (14)
 p - a wand of enslavement (5)
Scrolls
 m - a scroll of magic mapping
 s - 2 scrolls of teleportation
 E - a scroll of fog
 F - 2 scrolls of remove curse
 H - 2 scrolls of recharging
 Y - a scroll of fear
Potions
 f - 2 potions of haste
 h - 2 potions of mutation
 l - a potion of brilliance {unknown}
 o - a potion of flight {unknown}
 r - a potion of cancellation {unknown}
 A - 3 potions of invisibility
 B - 4 potions of curing
 G - a potion of beneficial mutation {unknown}
 K - a potion of berserk rage
 O - a potion of degeneration {unknown}
 P - 4 potions of agility {unknown}
 R - a potion of ambrosia {unknown}
Comestibles
 a - 4 bread rations
 b - 8 royal jellies
 i - 5 chunks of flesh
 j - 3 meat rations
 q - 4 fruits


   Skills:
 * Level 16.4 Fighting
 + Level 9.8(10.1) Axes
 - Level 3.9(7.4) Maces & Flails
 - Level 0.6 Throwing
 + Level 7.5 Armour
 - Level 2.5 Dodging
 + Level 10.0 Shields


You had 11 spell levels left.
You didn't know any spells.

Dungeon Overview and Level Annotations

Branches:
Dungeon (10/15)            Temple (1/1) D:5             Orc (4/4) D:10
   Lair: D:8-11         Elf: Orc:3-4

Altars:
Ashenzari
Cheibriados
Dithmenos
Elyvilon
Fedhas
Gozag
Kikubaaqudgha
Makhleb
Nemelex Xobeh
Okawaru
Qazlal
Ru
Trog
Vehumet
Yredelemnul
Zin
The Shining One
Beogh

Shops:
D:8 [


Innate Abilities, Weirdness & Mutations

You reflexively headbutt those who attack you in melee.
You have a pair of horns on your head.


Message History

Evoke which item? (* to show all) (? for menu, Esc to quit)
Zapping:
p - a wand of enslavement {zapped: 7} (will waste charges)
Press: ? - help, Shift-Dir - straight line, f - orc warlord
Aim: an orc warlord, wielding a war axe and wearing a chain mail (lightly wounded, chance to defeat MR: 15%)
The orc warlord resists with almost no effort.
Evoking this partially-identified wand wasted a few charges.
You block its attack.
The orc warlord hits you but does no damage.
Something hits you but does no damage. You block the orc warlord's attack.
You hear some strange, mumbled words.
You are confused.
You're too confused to move!
Something hits you but does no damage.
The orc warlord hits you but does no damage.
Unknown command.
You hear some strange, mumbled words.
You feel yourself slow down.
There is a stone staircase leading down, spattered with blood here.
Something hits you but does no damage.
The orc warlord hits you with a war axe!!
You die...

##........####.######...
##...[....### ### ###.
#...........### #≈
####.....#....#.##### ####
##.#......#.#........####..#
#........####...............
###......##.................
#......###.....#....)..)..
##......>@.....##.#...#)..
###.#..o.....######......
#.##......## #.......
#####...### ##...... #.###
##.##.. #..# ###### #.## ###


You could see an orc warlord.

Vanquished Creatures
  An orc warlord (Orc:2)
  Erolcha (D:8)
  An orc high priest (Orc:2)
  An orc knight (Orc:2)
  Pikel (D:9)
  2 orc sorcerers (Orc:2)
  Maurice (D:8)
  The ghost of Potsanchik the Nimble, a novice SpGl of Okawaru (D:6)
  2 trolls (D:10)
  A yaktaur (shapeshifter) (D:8)
  3 two-headed ogres (Orc:4)
  A hippogriff (D:8)
  21 orc warriors
  2 centaurs
  A necrophage (D:10)
  2 sky beasts
  9 ogres
  4 phantoms
  A black bear (D:9)
  3 ice beasts
  2 big kobolds
  3 giant frogs
  A scorpion (D:10)
  24 killer bees
  4 wights (D:7)
  A centaur zombie (D:8)
  4 hounds
  28 orc wizards
  11 orc priests
  3 giant frog skeletons
  7 crimson imps
  Crazy Yiuf (D:4)
  A jelly (D:5)
  A wasp zombie (D:9)
  3 iguanas
  4 worker ants
  A hound zombie (D:7)
  4 hound skeletons
  A river rat (D:4)
  13 adders
  4 shadow imps
  2 adder zombies (D:7)
  An ooze (D:1)
  An adder skeleton (D:8)
  4 worms
  81 orcs
  5 giant cockroaches
  14 goblins
  14 hobgoblins
  12 jackals
  A ball python (D:2)
  9 bats
  6 giant geckos
  A giant gecko skeleton (D:5)
  A giant gecko zombie (D:5)
  5 giant newts
  12 kobolds
  6 quokkas
  8 rats
363 creatures vanquished.

Vanquished Creatures (collateral kills)
  An ogre mage (Orc:4)
  An orc knight (Orc:2)
  Psyche (D:8)
  A queen bee (D:10)
  2 two-headed ogres (Orc:4)
  A warg (Orc:4)
  An orc warrior (Orc:2)
  2 ogres (Orc:4)
  A killer bee (D:10)
  7 orc priests
  5 orc wizards
  A hound skeleton (D:8)
  2 orcs (Orc:4)
  2 kobolds (D:10)
28 creatures vanquished.

Vanquished Creatures (others)
  An orc (D:9)
1 creature vanquished.

Grand Total: 392 creatures vanquished

Notes
Turn   | Place    | Note
--------------------------------------------------------------
     0 | D:1      | mwv the Minotaur Berserker began the quest for the Orb.
     0 | D:1      | Reached XP level 1. HP: 19/19 MP: 0/0
   289 | D:1      | Reached XP level 2. HP: 27/27 MP: 1/1
   377 | D:1      | Reached skill level 4 in Fighting
   813 | D:2      | Reached XP level 3. HP: 34/34 MP: 2/2
   813 | D:2      | Reached ** piety under Trog
   857 | D:2      | Reached skill level 5 in Fighting
   888 | D:2      | Found a blossoming altar of Fedhas.
  1033 | D:2      | Found an opulent altar of Gozag.
  1078 | D:2      | Reached XP level 4. HP: 39/42 MP: 3/3
  1510 | D:3      | Reached *** piety under Trog
  1510 | D:3      | Reached skill level 6 in Fighting
  1523 | D:3      | Reached XP level 5. HP: 43/51 MP: 4/4
  1607 | D:3      | Noticed a phantom
  1619 | D:3      | Killed a phantom
  1619 | D:3      | Reached skill level 7 in Fighting
  1619 | D:3      | Reached skill level 1 in Axes
  2000 | D:3      | Reached XP level 6. HP: 48/60 MP: 5/5
  2159 | D:4      | Reached skill level 8 in Fighting
  2350 | D:4      | Reached **** piety under Trog
  2478 | D:4      | Found a shadowy altar of Dithmenos.
  2632 | D:4      | Reached skill level 9 in Fighting
  2767 | D:4      | Reached XP level 7. HP: 64/70 MP: 6/6
  2774 | D:4      | Got a shimmering war axe
  2923 | D:4      | Noticed Crazy Yiuf
  2935 | D:4      | Killed Crazy Yiuf
  3240 | D:4      | Identified the +4 war axe of Valour {freeze, +Fly rPois} (You found it on level 4 of the Dungeon)
  3393 | D:4      | Reached skill level 10 in Fighting
  3521 | D:5      | Entered Level 5 of the Dungeon
  3591 | D:5      | Found a radiant altar of Vehumet.
  3700 | D:5      | Found a staircase to the Ecumenical Temple.
  3711 | D:5      | Reached skill level 1 in Shields
  3721 | Temple   | Entered the Ecumenical Temple
  4726 | D:5      | Found a bloodstained altar of Trog.
  4831 | D:6      | Reached XP level 8. HP: 75/81 MP: 7/7
  4835 | D:6      | Noticed Potsanchik's ghost (novice SpGl)
  5181 | D:6      | Reached skill level 11 in Fighting
  5676 | D:6      | Reached ***** piety under Trog
  5749 | D:6      | Killed Potsanchik's ghost
  5993 | D:7      | Reached skill level 12 in Fighting
  6124 | D:7      | Reached XP level 9. HP: 86/90 MP: 8/8
  6149 | D:7      | Reached skill level 5 in Axes
  6149 | D:7      | Reached skill level 5 in Shields
  6297 | D:7      | HP: 3/91 [cloud of flame (5)]
  7407 | D:8      | Noticed Maurice
  7413 | D:8      | Killed Maurice
  7413 | D:8      | Reached skill level 13 in Fighting
  7513 | D:8      | Noticed Psyche
  7517 | D:8      | Killed Psyche
  7644 | D:8      | Identified the Compendium of Good Luck
  7655 | D:8      | Noticed a yaktaur
  7655 | D:8      | a wind drake changed into a yaktaur
  7663 | D:8      | Killed a yaktaur
  7673 | D:8      | Reached XP level 10. HP: 72/102 MP: 5/9
  7719 | D:8      | Identified the Reference Book on Poison
  7906 | D:8      | Noticed Erolcha
  7916 | D:8      | Killed Erolcha
  7916 | D:8      | Reached skill level 14 in Fighting
  7927 | D:8      | Found Ynin's Antique Armour Boutique.
  7941 | D:8      | Bought a pair of fine boots for 332 gold pieces
  7946 | D:8      | Identified the +0 pair of boots of Card Tricks {*Drain rCorr Int+3} (You bought it in a shop on level 8 of the Dungeon)
  8396 | D:9      | Found a sparkling altar of Nemelex Xobeh.
  8411 | D:9      | Found a shattered altar of Ashenzari.
  8728 | D:9      | Noticed Pikel
  8741 | D:9      | Killed Pikel
  8808 | D:10     | Entered Level 10 of the Dungeon
  8963 | D:10     | Received a gift from Trog
  8974 | D:10     | Reached skill level 5 in Armour
  9166 | D:10     | Reached skill level 15 in Fighting
  9171 | D:10     | Reached XP level 11. HP: 108/112 MP: 8/10
  9318 | D:10     | Found a staircase to the Orcish Mines.
  9329 | Orc:1    | Entered Level 1 of the Orcish Mines
  9573 | Orc:1    | Received a gift from Trog
  9989 | Orc:2    | Noticed a soul eater
 10128 | Orc:2    | Noticed an orc warlord
 10158 | Orc:2    | Killed an orc warlord
 10158 | Orc:2    | HP: 7/169 [orc warrior/trident (3)]
 10808 | Orc:2    | Found a roughly hewn altar of Beogh.
 10812 | Orc:2    | Noticed an orc high priest
 10848 | Orc:2    | Noticed a sun demon
 10856 | Orc:2    | Killed an orc high priest
 10856 | Orc:2    | Reached skill level 16 in Fighting
 11270 | Orc:2    | Noticed an ice devil
 11276 | Orc:2    | Paralysed by an orc sorcerer for 6 turns
 11754 | Orc:4    | Entered Level 4 of the Orcish Mines
 11773 | Orc:4    | Noticed an ogre mage
 11775 | Orc:4    | Noticed an ogre mage
 11777 | Orc:4    | Noticed an ogre mage
 11777 | Orc:4    | Killed an ogre mage
 11778 | Orc:4    | Noticed an ogre mage
 11784 | Orc:4    | Noticed an orc warlord
 11784 | Orc:4    | Reached skill level 10 in Shields
 11791 | Orc:4    | Reached XP level 12. HP: 48/124 MP: 6/11
 11803 | Orc:3    | Slain by an orc warlord

Action                   |  1- 3 |  4- 6 |  7- 9 | 10-12 || total
-------------------------+-------+-------+-------+-------++-------
Melee: Mace              |    58 |       |       |       ||    58
       Hand axe          |       |   114 |    25 |       ||   139
       War axe           |       |       |   235 |   388 ||   623
Throw: Stone             |     2 |    11 |     8 |       ||    21
Invok: Berserk           |       |     2 |     2 |       ||     4
       Burn Spellbooks   |       |       |     3 |     1 ||     4
       Trog's Hand       |       |       |     1 |     9 ||    10
       Brothers in Arms  |       |       |     1 |     8 ||     9
Evoke: Wand              |       |       |       |     1 ||     1
  Use: Scroll            |       |     2 |    15 |     6 ||    23
       Potion            |       |       |     1 |     6 ||     7
 Stab: Sleeping          |     1 |       |       |       ||     1
  Eat: Chunk             |       |     6 |     2 |     6 ||    14
       Beef jerky        |       |     1 |     1 |     1 ||     3
       Fruit             |       |       |     2 |       ||     2
       Bread ration      |       |       |     2 |       ||     2
       Meat ration       |       |       |     1 |     1 ||     2
       Royal jelly       |       |       |       |     1 ||     1
       Pizza             |       |       |       |     1 ||     1
